[Event "Budapest Chess Festival 2024"]
[Site "Budapest"]
[Date "2024.05.30"]
[Round "8.12"]
[White "Tzidkiya, Yeshaayahu"]
[Black "Gschnitzer, Adrian"]
[Result "1/2-1/2"]
[ECO "B91"]
[WhiteElo "2468"]
[BlackElo "2431"]
[Annotator "TA"]
[PlyCount "89"]
[EventDate "2024.05.20"]
[EventType "swiss"]
[EventCountry "HUN"]
[SourceTitle "playchess.com"]
[Source "ChessBase"]
[SourceQuality "1"]
[TimeControl "40/5400+30:1800+30"]

1. e4 c5 2. Nf3 d6 3. d4 cxd4 4. Nxd4 Nf6 5. Nc3 a6 6. g3 e5 7. Nb3 Be7 8. Bg2 O-O 9. O-O Be6 10. a4 Nbd7 11. Nd5 Nxd5 12. exd5 Bf5 13. a5 Rc8 14. c3 Bg5 $2 ({Black should play} 14... h6 $11) 15. f4 $16 exf4 {[%emt 0:00:44] [#] White is clearly better.} 16. Nd4 $2 (16. h4 $1 $18 ) 16... f3 $1 $11 17. Bxg5 (17. Qxf3 Bxc1 18. Rfxc1 Bg6 $15) 17... Qxg5 18. Qxf3 Bg4 19. Qf4 Qxf4 20. gxf4 Nf6 21. Rfe1 Rc7 22. Kf2 Rfc8 23. Bf3 (23. Ra4 $11) 23... Bxf3 $15 24. Kxf3 g6 (24... Nxd5 25. Nf5 g6 26. Nxd6 $11) 25. Rad1 (25. Nb3 $1 $15) 25... Rc5 $17 (25... Nxd5 26. Nb5 axb5 27. Rxd5 $14) 26. Re7 Rb8 ({Don't play} 26... Rxa5 $6 27. Rxb7 Rxd5 28. Re1 $15) 27. Ra1 Kf8 28. Re3 Rxd5 29. Ra3 Rh5 {[%emt 0:00:35] [#] Threatens to win with ...Rh3+.} 30. Re2 Rc8 31. Rd2 Rc7 32. Nc2 Kg7 33. Rb3 Re7 34. Rb6 d5 (34... Rxa5 $19 35. Rdxd6 Nd7) 35. Nb4 (35. Nd4 $17 {was called for.}) 35... Rf5 (35... Re1 $19 {...Ne4 is the strong threat.} 36. Kg2 (36. Rxb7 $2 {is the wrong capture.} Ne4 $19) 36... Re3) 36. Rd4 Rd7 37. Nd3 Rc7 {[%emt 0:00:37] Prevents Nc5.} ({Better is} 37... Rh5 $17 38. Kg2 Re7) 38. Rdb4 $11 {[%emt 0:00:17] The position is equal.} d4 {[%emt 0:00:34] ...Nd5 would now be deadly.} 39. Rxb7 Rxb7 40. Rxb7 dxc3 41. bxc3 Rxa5 {[%emt 0:15:33] KRN-KRN} 42. Ne5 Kg8 43. Rb8+ Kg7 44. Rb7 Kg8 45. Rb8+ {[%emt 0:00:02] Whites escaped into a draw.   Weighted Error Value: White=0.24 (precise) /Black=0.23 (precise) .  Mistake:       	White=4     	Black=4      Inaccurate:     	White=1     	---        OK:         	White=9     	Black=16     Best:        	White=4     	Black=2      Strong:       	---       	Black=1} 1/2-1/2

[Event "Budapest Chess Festival 2024"]
[Site "Budapest"]
[Date "2024.05.30"]
[Round "8.13"]
[White "Sahib Singh"]
[Black "Kozak, Adam"]
[Result "0-1"]
[ECO "C96"]
[WhiteElo "2291"]
[BlackElo "2607"]
[Annotator "TA"]
[PlyCount "86"]
[EventDate "2024.05.20"]
[EventType "swiss"]
[EventCountry "HUN"]
[SourceTitle "playchess.com"]
[Source "ChessBase"]
[SourceQuality "1"]
[TimeControl "40/5400+30:1800+30"]

1. e4 e5 2. Nf3 Nc6 3. Bb5 a6 4. Ba4 Nf6 5. O-O Be7 6. Re1 b5 7. Bb3 d6 8. c3 O-O 9. h3 Na5 10. Bc2 c5 11. d4 Nd7 12. d5 Nb6 13. Nbd2 g6 14. Nf1 f5 {[%emt 0:00:08] The position is equal.} 15. exf5 gxf5 16. N3h2 Bg5 17. Ne3 Ra7 18. Kh1 (18. Qh5 $15) 18... Rg7 $17 {[%emt 0:05:37] Black is more active.} 19. Rg1 (19. Nf3 $17 {was called for.}) 19... f4 $19 20. Nef1 {[%emt 0:00:07] [#]} Bb7 $1 21. b4 (21. a4 $17 {might work better.} Nxd5 (21... Bxd5 22. axb5 axb5 23. Rxa5 $18) 22. axb5 axb5 23. Nd2) 21... cxb4 22. cxb4 Nac4 {[%emt 0:00:08][%cal Og5h4] Threatens to win with ...Bh4!} 23. Nd2 Nxd2 (23... Bxd5 24. a4 $19) 24. Qxd2 Bxd5 {[%emt 0:07:03] ...f3 is the strong threat.} (24... Nxd5 $2 25. Bb3 $18) 25. Bb3 Bf7 26. Rd1 Rg6 {[%emt 0:02:57][%cal Of4f3] aiming for ...f3!} 27. Bc2 $2 (27. Qe2) 27... Nc4 28. Qe2 Rg7 29. a4 Kh8 30. Be4 d5 31. axb5 axb5 32. Bb2 Qd6 33. Bd3 Nxb2 (33... Qxb4 $2 {is the wrong capture.} 34. Bxc4 $18 (34. Bxe5 Nxe5 35. Qxe5 Re8 $11) (34. Bxe5 Nxe5 35. Qxe5 Re8 $15)) 34. Qxb2 Bf6 35. Qb1 Qb6 ({Weaker is} 35... e4 36. Bxe4 Bxa1 37. Qxa1 $19) 36. Ra5 e4 37. Bxb5 Qxf2 38. Ng4 {[%emt 0:01:03] [#]} Rxg4 39. hxg4 (39. Ra2 Qh4) 39... f3 {[%emt 0:00:13] Black mates.} 40. gxf3 Qxf3+ 41. Kg1 {[%emt 0:00:57] White is weak on the dark squares} Qxg4+ 42. Kf1 Qf3+ 43. Ke1 Bc3+ {[%emt 0:00:26] White did not feel at home in the position after the opening.   Weighted Error Value: White=0.75/Black=0.10 (very precise) .  Mistake:       	White=4     	---        Inaccurate:     	White=6     	Black=1      OK:         	White=5     	Black=15     Best:        	---       	Black=1      Strong:       	---       	Black=1} 0-1

[Event "Budapest Chess Festival 2024"]
[Site "Budapest"]
[Date "2024.05.30"]
[Round "8.14"]
[White "Dragnev, Valentin"]
[Black "Aizenberg, Benny"]
[Result "1-0"]
[ECO "B40"]
[WhiteElo "2566"]
[BlackElo "2403"]
[Annotator "TA"]
[PlyCount "103"]
[EventDate "2024.05.20"]
[EventType "swiss"]
[EventCountry "HUN"]
[SourceTitle "playchess.com"]
[Source "ChessBase"]
[SourceQuality "1"]
[TimeControl "40/5400+30:1800+30"]

1. e4 c5 2. Nf3 e6 3. a3 Nc6 4. Nc3 Nf6 5. d4 cxd4 6. Nxd4 Be7 7. Nxc6 bxc6 8. e5 Nd5 9. Qg4 {The position is equal.} g6 10. Qg3 Qb6 11. Ne4 f5 (11... Qd4 $11 12. Nd6+ Bxd6 13. exd6 Qe4+ 14. Kd1 Qd4+ 15. Ke1 Qe4+ 16. Kd1 Qd4+ 17. Ke1 Qe4+ 18. Kd1) 12. Nd6+ $14 Bxd6 13. exd6 Ba6 14. c4 Nf6 15. Qc3 $1 O-O 16. Bh6 Rf7 {[%emt 0:02:27] [#]} 17. f3 {[%emt 0:00:36] Prevents Ne4.} c5 18. O-O-O Ne8 {[%emt 0:07:02] Black is weak on the dark squares} 19. h4 {[%emt 0:09:02][%cal Bh2h4,Bh4h5][%mdl 32] aiming for h5. White is more active.} Rb8 {[%emt 0:09:25] [#]} (19... Ng7 $16 20. Bd3 Bb7) 20. h5 $1 $18 Qb3 21. Qxb3 Rxb3 22. Bf4 gxh5 (22... Nf6 {was worth a try.}) 23. Rxh5 Rg7 24. Kc2 Rb6 25. Kc3 Rc6 26. Be5 {[%emt 0:01:32] Prevents Nf6} Rg6 27. g4 Ng7 28. Rh4 {[%emt 0:01:19] Hoping for Bd3.} Rc8 29. Bd3 Bb7 30. Rh3 Rf8 31. Rg1 h6 32. Kd2 a5 33. a4 Bc6 34. b3 Rb8 (34... Rg5 $142) 35. Kc2 Rf8 36. Kd2 $2 ({White should try} 36. Rgg3 $18 {gxf5 would now be deadly.} Kf7 37. Rh4) 36... Bb7 $2 (36... Rb8 $1 $11 {and Black is okay.}) 37. Bc3 Bc6 38. Rhg3 {[%emt 0:00:28] Strongly threatening gxf5.} Rf7 (38... Kf7 $142 39. Bxa5 Rg8) 39. Bxa5 h5 40. Bc3 h4 41. Rh3 Rg5 42. Be2 fxg4 (42... e5 $142 43. Rxh4 (43. Bxe5 fxg4 44. Bxg7 gxh3 $11) 43... f4) 43. Rxg4 Rxg4 44. fxg4 Rf2 45. Ke3 Rg2 46. Rxh4 Rg3+ 47. Kd2 e5 48. a5 Ne6 49. Bxe5 Rxb3 {[%emt 0:00:28] [#]} 50. g5 $1 {[%emt 0:00:32][%cal Bg4g5,Bg5g6][%mdl 32] White threatens Rh8+ and mate.} Nd4 (50... Nxg5 51. Rg4) 51. g6 Rb2+ 52. Kc1 {[%emt 0:00:18] Weighted Error Value: White=0.14 (very precise) /Black=0.53.  Loses game:     	---       	Black=1      Missed win:     	White=1     	---        Mistake:       	---       	Black=6      Inaccurate:     	---       	Black=6      OK:         	White=18    	Black=11     Best:        	White=1     	Black=3      Strong:       	White=1     	---} 1-0

[Event "Budapest Chess Festival 2024"]
[Site "Budapest"]
[Date "2024.05.30"]
[Round "8.15"]
[White "Tadic, Stefan"]
[Black "Hera, Imre Jr."]
[Result "1/2-1/2"]
[ECO "B42"]
[WhiteElo "2399"]
[BlackElo "2542"]
[Annotator "ChessBase"]
[PlyCount "258"]
[EventDate "2024.05.20"]
[EventType "swiss"]
[EventCountry "HUN"]
[SourceTitle "playchess.com"]
[Source "ChessBase"]
[SourceQuality "1"]
[TimeControl "40/5400+30:1800+30"]

1. e4 c5 2. Nf3 e6 3. d4 cxd4 4. Nxd4 a6 5. Bd3 Bc5 6. Nb3 Ba7 7. Qe2 Nc6 8. Be3 Bxe3 9. Qxe3 Nf6 10. Nc3 d6 11. O-O-O b5 12. Kb1 e5 13. h3 O-O 14. f4 exf4 15. Qxf4 Ne5 16. g4 Bb7 17. g5 Nfd7 18. Be2 Qc7 19. Nd4 Rac8 20. Rh2 Nb6 21. Bg4 Rcd8 22. Nf5 Rfe8 23. Nd5 Bxd5 24. exd5 Qc4 25. Qxc4 bxc4 26. Re2 g6 27. Ng3 h5 28. gxh6 f5 29. Bxf5 gxf5 30. Nxf5 Kh7 31. b3 Nf7 32. Rg2 Nxh6 33. Nxh6 Kxh6 34. Rd4 Kh5 35. Rdg4 c3 36. a4 Re5 37. Rg7 Rh8 38. h4 Rh6 39. a5 Nc8 40. R2g5+ Rxg5 41. hxg5 Rh8 42. Rc7 Kxg5 43. Rxc3 Ne7 44. Rc7 Nxd5 45. Rc6 Rd8 46. Rxa6 Kf5 47. Kb2 Ke5 48. c4 Nf6 49. Rc6 Ne4 50. a6 d5 51. cxd5 Kxd5 52. Rc1 Ra8 53. Ra1 Ra7 54. Ra5+ Kc6 55. b4 Nd6 56. Kb3 Kb6 57. Rh5 Rd7 58. Rd5 Kxa6 59. Rd1 Kb6 60. Rd5 Rd8 61. Rd1 Kc6 62. Rc1+ Kd7 63. Rc5 Rb8 64. Rc1 Nb5 65. Rc5 Nc7 66. Rh5 Rg8 67. Rh7+ Kc6 68. Rh6+ Kb7 69. Rh7 Rg6 70. Ka4 Rd6 71. Kb3 Kb6 72. Rh5 Nd5 73. Ka4 Kc6 74. Kb3 Rg6 75. Ka4 Nb6+ 76. Ka5 Nd5 77. Ka4 Rg4 78. Rh6+ Kb7 79. Kb5 Nxb4 80. Rh7+ Kc8 81. Kc5 Na6+ 82. Kd6 Rg6+ 83. Ke5 Nc7 84. Kf5 Rd6 85. Ke5 Rd1 86. Ke4 Kb7 87. Rh6 Nb5 88. Ke5 Kc7 89. Rg6 Nd6 90. Kf4 Kc6 91. Rg5 Rf1+ 92. Ke3 Rh1 93. Kd4 Rh4+ 94. Kd3 Nf7 95. Rf5 Nd8 96. Rf6+ Kd5 97. Rf5+ Kd6 98. Ra5 Nc6 99. Rg5 Nb4+ 100. Ke2 Nd5 101. Rg8 Rh3 102. Rd8+ Ke5 103. Re8+ Kd4 104. Rd8 Rh5 105. Kf3 Rf5+ 106. Kg4 Rf7 107. Kg3 Ke4 108. Re8+ Ne7 109. Kg2 Ke3 110. Ra8 Nf5 111. Ra3+ Ke4 112. Ra4+ Nd4 113. Kg3 Rg7+ 114. Kf2 Rg4 115. Ra8 Rf4+ 116. Kg2 Rf6 117. Ra4 Rb6 118. Kg3 Rb2 119. Rc4 Ra2 120. Rb4 Ke5 121. Rb8 Nf5+ 122. Kf3 Ra3+ 123. Kf2 Ke4 124. Re8+ Kf4 125. Ke2 Nd6 126. Rd8 Ke5 127. Rd7 Nf5 128. Rd8 Ng3+ 129. Kd2 Ne4+ 1/2-1/2

[Event "Budapest Chess Festival 2024"]
[Site "Budapest"]
[Date "2024.05.30"]
[Round "8.16"]
[White "Niedbala, Bartlomiej"]
[Black "Mihok, Oliver"]
[Result "1/2-1/2"]
[ECO "B48"]
[WhiteElo "2399"]
[BlackElo "2528"]
[Annotator "TA"]
[PlyCount "62"]
[EventDate "2024.05.20"]
[EventType "swiss"]
[EventCountry "HUN"]
[SourceTitle "playchess.com"]
[Source "ChessBase"]
[SourceQuality "1"]
[TimeControl "40/5400+30:1800+30"]

1. e4 c5 2. Nf3 e6 3. d4 cxd4 4. Nxd4 Nc6 5. Nc3 Qc7 6. Be3 a6 7. Qf3 h5 8. Qg3 d6 9. f4 {[%emt 0:01:15] White is slightly better.} Nf6 10. Be2 Bd7 11. O-O h4 12. Qf2 Be7 13. Rad1 b5 14. a3 Rc8 15. h3 Nh5 (15... Rb8 $14) 16. Bxh5 $16 Rxh5 {[%emt 0:01:25] [#]} 17. f5 $1 {[%emt 0:00:32] fxe6 would now be deadly.} Ne5 {[%emt 0:09:04] [#]} 18. Nce2 $1 Qb7 (18... Rh8 $16 19. Nf4 Rh7) 19. Nf4 $1 $18 Rh6 20. Nd3 Nxd3 21. cxd3 Rh8 22. fxe6 Bxe6 23. Nf5 (23. Nxe6 $18 fxe6 24. Qf4 (24. Qf7+ Kd7 $18)) 23... Rh7 (23... Bxf5 $16 24. Qxf5 Bd8) 24. Rc1 Kf8 25. Rxc8+ Bxc8 26. Bd4 {[%emt 0:04:07] And now Bxg7+ would win.} Be6 27. Qf4 (27. Nxe7 Qxe7 28. Rc1 Bxh3 $14) ({White should play} 27. Rc1 $18) 27... Qd7 $16 28. Nxe7 Qxe7 {[%emt 0:00:16] Black is weak on the dark squares} 29. Bc3 {[%emt 0:00:26] White has more active pieces.} ({Better is} 29. Rc1 $16) 29... Kg8 30. Kh2 Rh6 31. Bd4 Rh5 {[%emt 0:02:48] Weighted Error Value: White=0.17 (very precise) /Black=0.24 (precise) .  Mistake:       	White=3     	Black=3      Inaccurate:     	White=1     	Black=2      OK:         	White=10    	Black=6      Best:        	White=1     	Black=1      Strong:       	White=1     	---} 1/2-1/2

[Event "Budapest Chess Festival 2024"]
[Site "Budapest"]
[Date "2024.05.30"]
[Round "8.17"]
[White "Fernandez, Daniel Howard"]
[Black "Karacsonyi, Gellert"]
[Result "1-0"]
[ECO "A00"]
[WhiteElo "2526"]
[BlackElo "2389"]
[Annotator "TA"]
[PlyCount "91"]
[EventDate "2024.05.20"]
[EventType "swiss"]
[EventCountry "HUN"]
[SourceTitle "playchess.com"]
[Source "ChessBase"]
[SourceQuality "1"]
[TimeControl "40/5400+30:1800+30"]

1. a3 d5 2. Nf3 Nf6 3. h3 c5 4. c4 e6 5. g4 h6 (5... Nc6 $15) 6. cxd5 $11 exd5 7. d4 c4 8. Nc3 {[%emt 0:02:15] The position is equal.} Nc6 9. b3 (9. Ne5 $11) 9... Ne4 $15 10. Bb2 {[%emt 0:12:36] [#]} (10. Bd2 $1 $15) 10... b5 11. Bg2 $11 Nxc3 12. Bxc3 Be6 13. bxc4 bxc4 14. Ne5 Nxe5 15. dxe5 Bc5 16. Bb4 Bxb4+ 17. axb4 O-O 18. Qd4 Qb6 (18... Rb8 $15 19. O-O Rxb4) 19. Qxb6 axb6 20. Kd2 Rac8 (20... f6 $11 21. Rxa8 (21. exf6 Rad8 $11) 21... Rxa8 22. exf6 gxf6) 21. Ra6 $1 $16 c3+ 22. Kd3 Rc4 23. Rxb6 Ra8 24. Rc1 Ra3 25. b5 (25. Rc2 $142) 25... c2+ 26. Kd2 Rd4+ (26... h5 $16) 27. Ke1 $2 (27. Kxc2 $18 {Strongly threatening Rb1.} Ra2+ 28. Kc3 Rc4+ 29. Kb3) 27... Rb3 $11 {[%emt 0:02:49] Wards off Rb1. And now ...Rb1 would win.} 28. Rc6 (28. Rxc2 $2 {is a self mate.} Rb1+) ({Much weaker is} 28. Rb8+ Kh7 29. e3 Rd1+ (29... Rc4 30. Bf1 $18) 30. Rxd1 Rb1 $11) 28... Rxb5 29. R6xc2 g5 30. e3 Rdb4 31. Rd2 Rb1 $2 ({Better is} 31... h5 $14) 32. Rxb1 $18 Rxb1+ {[%emt 0:00:02][%mdl 4096] Endgame. KRB-KRB} 33. Ke2 Rg1 (33... h5 {was called for.} 34. gxh5 (34. Bxd5 hxg4 35. Bxe6 fxe6 $18) 34... Rg1 35. Bxd5 Bxh3) 34. Bxd5 Bxd5 35. Rxd5 {[%emt 0:00:06] KR-KR} Rh1 (35... Rg2 $142 36. Kf3 Rg1 37. Rd8+ Kg7) 36. Kf3 (36. Rd8+ $18 Kg7 37. f4 Rh2+ 38. Kd3 gxf4 39. exf4 Rxh3+ 40. Kd2) 36... Rxh3+ $16 37. Kg2 (37. Ke4 $16) 37... Rh4 $18 38. f3 {[%emt 0:00:05][%cal Bf2f3,Bf3f4,Bf4f5,Bf5f6][%mdl 32] aiming for Rd8+.} Kg7 $2 (38... Kf8 $16) 39. Rd1 $1 {[%emt 0:01:40] Rh1 would now be deadly.} h5 {[%emt 0:00:26] [#]} 40. gxh5 $1 g4 {[%emt 0:00:00] [#]} 41. f4 $1 {[%emt 0:00:49] Rh1 would kill now.} Rh3 42. e4 Rf3 43. f5 Re3 44. f6+ Kh6 {[%emt 0:00:54] [#]} 45. e6 $1 fxe6 46. Rf1 {[%emt 0:00:02] Weighted Error Value: White=0.22 (precise) /Black=0.65.  Loses game:     	---       	Black=2      Mistake:       	White=6     	Black=6      Inaccurate:     	White=3     	Black=3      OK:         	White=11    	Black=8      Best:        	White=2     	Black=4      Strong:       	White=2     	---} 1-0

[Event "Budapest Chess Festival 2024"]
[Site "Budapest"]
[Date "2024.05.30"]
[Round "8.18"]
[White "Neverov, Valeriy"]
[Black "Parkhov, Yair"]
[Result "1/2-1/2"]
[ECO "D37"]
[WhiteElo "2389"]
[BlackElo "2510"]
[Annotator "TA"]
[PlyCount "46"]
[EventDate "2024.05.20"]
[EventType "swiss"]
[EventCountry "HUN"]
[SourceTitle "playchess.com"]
[Source "ChessBase"]
[SourceQuality "1"]
[TimeControl "40/5400+30:1800+30"]

1. d4 Nf6 2. c4 e6 3. Nf3 d5 4. Nc3 Nbd7 5. Bg5 Bb4 6. g3 (6. e3 $14) 6... c5 7. cxd5 exd5 8. Bg2 {[%emt 0:00:11] White has an edge.} h6 9. Bxf6 Nxf6 10. O-O O-O 11. dxc5 Bxc5 12. Rc1 Re8 13. e3 b6 14. Nd4 Bb7 {[%emt 0:04:40] Against Nc6} 15. Qa4 Qe7 16. Rfd1 Rad8 17. h3 {[%emt 0:10:13] White has more active pieces.} (17. Qxa7 $2 {perishes.} Ra8 $19) 17... a6 18. a3 h5 19. b4 b5 20. Qb3 Ba7 21. a4 bxa4 22. Nxa4 {[%emt 0:00:19] Excellent horsemanship.} g6 23. Nc5 Rd6 {[%emt 0:02:07] Weighted Error Value: White=0.08 (flawless) /Black=0.08 (flawless) .  Inaccurate:     	White=1     	Black=3      OK:         	White=9     	Black=8} 1/2-1/2

[Event "Budapest Chess Festival 2024"]
[Site "Budapest"]
[Date "2024.05.30"]
[Round "8.19"]
[White "Visakh N R"]
[Black "Bai, Adelard"]
[Result "1/2-1/2"]
[ECO "E20"]
[WhiteElo "2511"]
[BlackElo "2376"]
[Annotator "TA"]
[PlyCount "74"]
[EventDate "2024.05.20"]
[EventType "swiss"]
[EventCountry "HUN"]
[SourceTitle "playchess.com"]
[Source "ChessBase"]
[SourceQuality "1"]
[TimeControl "40/5400+30:1800+30"]

1. d4 Nf6 2. c4 e6 3. Nc3 Bb4 4. f3 d5 5. a3 Be7 6. e4 dxc4 7. Bxc4 c5 8. dxc5 Qxd1+ 9. Kxd1 Bxc5 10. b4 Bb6 11. Nge2 Nc6 12. Na4 Bc7 13. Be3 O-O 14. Kc2 Bd7 15. Nec3 Rfc8 16. Kb3 Be5 17. Rad1 {[%emt 0:01:40] Against Bd4} Be8 18. Bb5 Rc7 (18... a6 {with more complications.} 19. Be2 b5 20. Nc5 a5) 19. Be2 Rd7 $1 20. Rxd7 Nxd7 21. Bb5 Nd4+ 22. Bxd4 $1 Bxd4 23. Rd1 Bxc3 24. Bxd7 Rd8 $1 25. Kxc3 {[%emt 0:01:07] Strongly threatening Nc5.} Rxd7 26. Rxd7 Bxd7 $11 {[%emt 0:00:01][%mdl 4096] Endgame. KB-KN} 27. Nc5 Bc6 28. Kd4 b6 29. Ke5 $1 bxc5 (29... Bb5 {was called for.}) 30. bxc5 $18 {[%emt 0:00:01][%cal Bb4c5,Bc5c6][%mdl 32] KB-KP} Kf8 31. Kd6 Bb5 32. c6 Ke8 {[%emt 0:02:07] [#]} 33. Kc7 Ke7 $2 {[%emt 0:00:50] [#]} (33... Ba6 $16) 34. e5 $2 (34. Kb7 $1 $18) 34... f6 $11 {[%emt 0:00:03] The position is equal.} 35. f4 {[%emt 0:00:08] And now g3 would win.} g5 36. g3 gxf4 37. gxf4 {[%emt 0:00:05] Threatens to win with Kb7.} fxe5 {Weighted Error Value: White=0.16 (very precise) /Black=0.13 (very precise) .  Missed win:     	White=1     	---        Mistake:       	---       	Black=2      Inaccurate:     	White=3     	Black=2      OK:         	White=13    	Black=15     Best:        	White=1     	---        Strong:       	White=2     	Black=2} 1/2-1/2

[Event "Budapest Chess Festival 2024"]
[Site "Budapest"]
[Date "2024.05.30"]
[Round "8.20"]
[White "Jinan, Jomon"]
[Black "Vetoshko, Volodymyr"]
[Result "0-1"]
[ECO "A21"]
[WhiteElo "2380"]
[BlackElo "2505"]
[Annotator "TA"]
[PlyCount "60"]
[EventDate "2024.05.20"]
[EventType "swiss"]
[EventCountry "HUN"]
[SourceTitle "playchess.com"]
[Source "ChessBase"]
[SourceQuality "1"]
[TimeControl "40/5400+30:1800+30"]

1. c4 e5 2. Nc3 Bb4 3. Nd5 a5 4. Nf3 d6 5. a3 Bc5 6. e3 c6 7. d4 Ba7 8. Nc3 {[%emt 0:00:13] White has an edge.} Nd7 9. Be2 Ngf6 10. O-O O-O 11. b4 Bb8 12. Bb2 Re8 13. Qc2 e4 14. Nd2 d5 15. Rfc1 Nf8 16. Qd1 ({White should try} 16. b5 $11) 16... Qd6 $15 17. g3 (17. Nf1 $1 $11) 17... Ne6 $1 {[%emt 0:06:10] Black is more active.} 18. cxd5 cxd5 19. Nb5 Qd7 20. bxa5 h5 21. a4 (21. f4 $17 {is a better defense.}) 21... Ng5 $19 (21... Rxa5 22. Nb3 Ra8 23. Nc5 $15) 22. Bf1 (22. Qf1 {might work better.}) 22... Ra6 (22... Rxa5 23. h4 Nh3+ 24. Bxh3 Qxh3 25. Qf1) (22... h4 $19 23. Rc5 hxg3 (23... Rxa5 $2 24. Ba3 $19) 24. fxg3 Rxa5) 23. Ba3 $2 {[%emt 0:04:31][%mdl 8192] Loses the game.} (23. h4 $17 Nh3+ 24. Bxh3 Qxh3 25. Qe1) 23... Ng4 (23... Rxa5 24. h4 Nh3+ 25. Bxh3 Qxh3 26. Qf1 Qxf1+ (26... Rxa4 27. Qxh3 Bxh3 28. Nc3 $15) 27. Kxf1 $17) (23... h4 $2 24. Nc3 $19) 24. h4 {[%emt 0:01:37] [#]} (24. Nd6 $142 Bxd6 25. Bxd6 Rxd6 (25... Qxd6 $2 26. Bg2 $19) 26. h4) 24... Nxf2 $1 25. Kxf2 (25. Rxc8 Nxd1) 25... Qf5+ 26. Kg1 Bxg3 27. Qe2 {[%emt 0:00:29] Prevents Qf2+.} Nf3+ (27... Bxh4 28. Kh1 (28. Qxh5 $2 Nh3+ 29. Bxh3 Bf2+ 30. Kg2 Qxh5 $19) 28... Nh3 (28... Rxa5 $2 29. Nd6 $18) 29. Bxh3 Qxh3+ 30. Qh2 Qxe3 (30... Rxa5 $2 31. Nd6 $18) 31. Qxh4 $15) 28. Kh1 Qf6 {[%emt 0:04:26] Black mates.} ({Not} 28... Bxh4 29. Nd6 Qg6 (29... Qg4 30. Qg2 $16) 30. Nxf3 (30. Nxe8 $2 Qg1#) 30... exf3 31. Qxf3 Rxd6 32. Bxd6 $11) 29. Kg2 Qxh4 30. Nxf3 exf3+ {[%emt 0:00:11] Weighted Error Value: White=1.13/Black=0.17 (very precise) .  Loses game:     	White=1     	---        Mistake:       	White=5     	Black=1      Inaccurate:     	White=1     	---        OK:         	White=7     	Black=8      Best:        	---       	Black=2      Strong:       	---       	Black=1      Brilliant:      	---       	Black=1} 0-1

[Event "Budapest Chess Festival 2024"]
[Site "Budapest"]
[Date "2024.05.31"]
[Round "9.1"]
[White "Aryan Chopra"]
[Black "Ivanisevic, Ivan"]
[Result "1/2-1/2"]
[ECO "C57"]
[WhiteElo "2641"]
[BlackElo "2537"]
[Annotator "TA"]
[PlyCount "27"]
[EventDate "2024.05.20"]
[EventType "swiss"]
[EventCountry "HUN"]
[SourceTitle "playchess.com"]
[Source "ChessBase"]
[SourceQuality "1"]
[TimeControl "40/5400+30:1800+30"]

1. e4 e5 2. Nf3 Nc6 3. Bc4 Nf6 4. Ng5 d5 5. exd5 Nd4 6. c3 h6 7. Nxf7 Kxf7 8. cxd4 exd4 {[%emt 0:00:07] White is better.} 9. d6+ Kg6 $1 10. Bd3+ Kf7 11. Bc4+ Kg6 $1 12. Bd3+ Kf7 {[%emt 0:00:06] [#]} 13. Bc4+ (13. dxc7 $1 $16 Qe7+ 14. Be2) 13... Kg6 $1 $11 14. Bd3+ {[%emt 0:00:05] Weighted Error Value: White=0.30/Black=0.03 (flawless) .  Mistake:       	White=1     	---        OK:         	White=1     	---        Best:        	White=1     	Black=2      Strong:       	---       	Black=3} 1/2-1/2

[Event "Budapest Chess Festival 2024"]
[Site "Budapest"]
[Date "2024.05.31"]
[Round "9.3"]
[White "Kadric, Denis"]
[Black "Berkes, Ferenc"]
[Result "1/2-1/2"]
[ECO "C10"]
[WhiteElo "2558"]
[BlackElo "2618"]
[Annotator "TA"]
[PlyCount "45"]
[EventDate "2024.05.20"]
[EventType "swiss"]
[EventCountry "HUN"]
[SourceTitle "playchess.com"]
[Source "ChessBase"]
[SourceQuality "1"]
[TimeControl "40/5400+30:1800+30"]

1. e4 e6 2. d4 d5 3. Nc3 dxe4 4. Nxe4 Nd7 5. Nf3 Ngf6 6. Nxf6+ Nxf6 7. g3 Qd5 8. Bg2 Bd7 9. O-O {[%emt 0:05:42] Ne5 would now be deadly.} Bc6 {[%emt 0:00:07] White is slightly better.} 10. b3 Be7 11. c4 Qd8 12. Bb2 O-O 13. Re1 Re8 14. Qc2 Bxf3 15. Bxf3 c6 16. h4 Bf8 17. Kg2 Rc8 18. Re3 g6 19. h5 Bg7 (19... g5 $14) 20. hxg6 (20. Rh1 $16) 20... hxg6 $14 21. Rh1 Re7 (21... Rc7 $14) 22. Qc1 $16 {[%emt 0:03:05] White is more active.} Rd7 23. Re2 {[%emt 0:01:25] Weighted Error Value: White=0.05 (flawless) /Black=0.10 (very precise) .  Mistake:       	White=1     	Black=2      Inaccurate:     	White=1     	---        OK:         	White=7     	Black=7      Best:        	---       	Black=1} 1/2-1/2